 Dungeon Crawl Stone Soup version 0.30.0-29-ga12c61a403 (webtiles) character file.

Game seed: 1937952286648308097

32 Peloso the Trooper (level 3, -1/34 HPs)
             Began as a Minotaur Fighter on June 24, 2023.
             Killed by divine providence
             ... invoked by an orc priest
              (12 damage)
             ... on level 2 of the Dungeon.
             The game lasted 00:00:37 (188 turns).

Peloso the Trooper (Minotaur Fighter)                Turns: 188, Time: 00:00:37

Health: -1/34      AC:  7    Str: 20    XL:     3   Next: 8%
Magic:  2/2        EV:  9    Int:  5    God:
Gold:   15         SH:  4    Dex: 11    Spells: 2/2 levels left

rFire   . . .        a - +0 long sword
rCold   . . .        c - +0 buckler
rNeg    . . .        b - +0 scale mail
rPois   .            (helmet restricted)
rElec   .            (no cloak)
rCorr   .            (no gloves)
SInv    .            (no boots)
Will    .....        (no amulet) Stlth
                     (no ring)
HPRegen 0.25/turn    (no ring)
MPRegen 0.08/turn

%: no passive effects
@: mighty
A: horns 2, retaliatory headbutt
a: no special abilities


You were on level 2 of the Dungeon.
You visited 1 branch of the dungeon, and saw 2 of its levels.

You collected 15 gold pieces.

Inventory:

Hand Weapons
 a - a +0 long sword (weapon)
Armour
 b - a +0 scale mail (worn)
 c - a +0 buckler (worn)
Scrolls
 e - a scroll of blinking {unknown}


   Skills:
 + Level 4.3 Fighting
 + Level 2.5 Long Blades
 + Level 4.1 Armour
 + Level 4.0 Shields


You had 2 spell levels left.
You didn't know any spells.
Your spell library contained the following spells:

 Spells                   Type           Power      Damage    Failure   Level
 Scorch                   Fire           0%         2d5       95%         2
 Flame Wave               Conj/Fire      0%         2d4       100%        4
 Summon Cactus Giant      Summ           0%         N/A       100%        6


Dungeon Overview and Level Annotations

Branches:
Dungeon (2/15)

Altars:


Innate Abilities, Weirdness & Mutations

You have a pair of horns on your head.
You reflexively headbutt those who attack you in melee.


Message History

Natasha casts a spell at you. The magic dart hits you.
The cerulean imp hits you but does no damage.
The orc hits you but does no damage.
The orc priest looks braver for a moment.
Natasha claws you.
You closely miss Natasha. You headbutt Natasha.
You kill Natasha!
Natasha growls in agony!
The cerulean imp disappears in a puff of smoke!
The orc priest mumbles some strange prayers to Beogh against you.
You barely resist. The orc hits you with a +0 short sword.
The orc wizard hits you but does no damage.
The orc hits you with a +0 short sword.
Your Fighting skill increases to level 4!
Your Armour skill increases to level 4!
Your Shields skill increases to level 4!
You have reached level 2!
You have reached level 3!
Your experience leads to an increase in your attributes!
Increase (S)trength, (I)ntelligence, or (D)exterity?
You feel agile. x2
The orc attacks as you move away! You block the orc's attack.
Unknown command.
You slash the orc wizard!
The orc wizard is heavily wounded.
The orc wizard hits you with a +0 dagger.
Unknown command.
You closely miss the orc wizard.
The orc wizard is heavily wounded.
You closely miss the orc.
The orc wizard gestures at you while chanting.
The magic dart hits you.
* * * LOW HITPOINT WARNING * * *
The orc hits you but does no damage.
You slash the orc!
You kill the orc!
The orc priest calls down the wrath of Beogh upon you.
Beogh smites you!
You die...

#...........#
#######...........#
#......#.........####
#......##............
#......####..#######.
#......# #.## ##
#......####.####
#...o..........#
#...@.o....[...#
#####o#........#
#?.#........#
#.o.........#
o...........#
....#.........
..w..##.###.##..
......# .. .......#
..


You could see 2 orc priests, an orc wizard and an orc.

Vanquished Creatures
  Natasha (D:2)
  An orc (D:2)
  An endoplasm (D:2)
  2 goblins (D:1)
  A kobold (D:1)
  A ball python (D:1)
  A bat (D:1)
  A rat (D:2)
9 creatures vanquished.

Notes
Turn   | Place    | Note
-------+----------+-------------------------------------------
     0 | D:1      | Peloso the Minotaur Fighter began the quest for the Orb.
     0 | D:1      | Reached XP level 1. HP: 19/19 MP: 0/0
     2 | D:1      | Noticed an elf
     2 | D:1      | Noticed a formicid
     4 | D:1      | Noticed a human
     4 | D:1      | Noticed a vampire
     6 | D:1      | Noticed a minotaur
     6 | D:1      | Noticed a vine stalker
     8 | D:1      | Noticed an ogre
     8 | D:1      | Noticed a demonspawn
    10 | D:1      | Noticed a felid
    12 | D:1      | Noticed a troll
    12 | D:1      | Noticed a meteoran
    14 | D:1      | Noticed a gargoyle
    16 | D:1      | Noticed a spriggan
    16 | D:1      | Noticed an armataur
    18 | D:1      | Noticed a naga
    18 | D:1      | Noticed a ghoul
    20 | D:1      | Noticed a draconian
    20 | D:1      | Noticed an octopode
    22 | D:1      | Noticed a demigod
    22 | D:1      | Noticed a tengu
    24 | D:1      | Noticed a merfolk
    24 | D:1      | Noticed a demigod
    26 | D:1      | Noticed a human
   174 | D:2      | Noticed Natasha
   174 | D:2      | Noticed an orc wizard
   174 | D:2      | Noticed an orc priest
   180 | D:2      | Noticed a cerulean imp
   180 | D:2      | Noticed an orc priest
   182 | D:2      | Noticed a cerulean imp
   183 | D:2      | Killed Natasha
   184 | D:2      | Reached XP level 2. HP: 12/28 MP: 1/1
   184 | D:2      | Reached XP level 3. HP: 15/34 MP: 2/2
   188 | D:2      | Killed from afar by an orc priest

Illustrated notes

Levels and vault maps discovered:
D:1:      kb_arrival_jail, layout_rooms, shapermc_ecumenical_altar_pompeii,
          chequers_avenue, minmay_crystal_room, nicolae_grassy_gnolls
D:2:      layout_rooms, hex_tiny, uniq_natasha

Skill      XL: |  1 |
---------------+----+-----
Fighting       | 4 |  4.3
Armour         | 4 |  4.1
Shields        | 4 |  4.0
Long Blades    | |  2.5

Action                     || total
---------------------------++-------
  Melee: Long sword        ||    17
         Headbutt          ||     4
    Use: Potion            ||     1
 Armour: Scale mail        ||    16
  Dodge: Dodged            ||    12
  Block: Buckler           ||     5
